 Dungeon Crawl Stone Soup version 0.17.0-28-g6e173f8 (console) character file.

39701 Kloppie the Earth Mage (level 14, -1/84 HPs)
             Began as a Gargoyle Earth Elementalist on Dec 3, 2015.
             Was a High Priest of Vehumet.
             Hit by a stone thrown by Maud (16 damage)
             ... on level 5 of the Lair of Beasts.
             The game lasted 01:13:03 (23998 turns).

Kloppie the Earth Mage (GrEE)                      Turns: 23998, Time: 01:13:04

Health: -1/84      AC: 26    Str: 13    XL:     14   Next: 7%
Magic:  2/23       EV: 14    Int: 20    God:    Vehumet [*****.]
Gold:   861        SH:  5    Dex: 10    Spells: 7 memorised, 1 level left

rFire  . . .     SeeInvis .     a - staff of earth
rCold  . . .     Clarity  .     o - +0 robe
rNeg   + . .     SustAt   .     D - +0 buckler
rPois  ∞         Gourm    .     U - +2 hat
rElec  +         Spirit   .     i - +2 cloak
rCorr  .         Warding  .     (no gloves)
rMut   .         Stasis   .     (no boots)
MR     +....                    m - amulet of rage
Stlth  ++........               J - ring of wizardry
                                S - +5 ring of protection (curse)

@: stone skin, somewhat resistant to hostile enchantments, unstealthy
A: big wings, negative energy resistance 1, electricity resistance, unbreathing,
petrification resistance, rot immunity, AC +9
a: Fly, Renounce Religion, Evoke Berserk Rage


You were on level 5 of the Lair of Beasts.
You worshipped Vehumet.
Vehumet was extremely pleased with you.
You were not hungry.

You visited 3 branches of the dungeon, and saw 17 of its levels.

You collected 861 gold pieces.

Inventory:

Hand Weapons
 Q - a +2 quarterstaff of protection
Missiles
 O - 27 stones (quivered)
Armour
 i - a +2 cloak (worn)
 o - a +0 robe (worn)
 D - a +0 buckler (worn)
 U - a +2 hat (worn)
 V - a +1 shield of reflection
Magical Staves
 a - an uncursed staff of earth (weapon)
 C - an uncursed staff of death
Jewellery
 c - an uncursed ring of fire
 g - a +3 ring of evasion
 j - an uncursed amulet of resist corrosion
 m - an amulet of rage (around neck)
 n - an uncursed amulet of clarity
 q - an uncursed ring of sustain attributes
 J - a ring of wizardry (right hand)
 L - a +6 ring of intelligence
 S - a cursed +5 ring of protection (left hand)
Wands
 s - a wand of paralysis (13)
Scrolls
 f - 4 scrolls of identify
 l - a scroll of fog
 v - 4 scrolls of remove curse
 w - a scroll of brand weapon
 x - 3 scrolls of blinking
 y - 4 scrolls of amnesia
 z - a scroll of immolation
 B - 5 scrolls of recharging
 F - 5 scrolls of teleportation
 Z - a scroll of enchant armour
Potions
 e - 6 potions of curing
 h - 4 potions of brilliance
 p - 3 potions of magic
 r - a potion of ambrosia
 t - 2 potions of resistance
 u - a potion of heal wounds
 A - 2 potions of invisibility
 E - 3 potions of mutation
 G - a potion of lignification
 H - 2 potions of cure mutation
 I - a potion of flight
 K - 2 potions of agility
 M - 2 potions of cancellation {unknown}
 N - 4 potions of might
 P - a potion of berserk rage {unknown}
 Y - 2 potions of haste {unknown}
Comestibles
 d - 14 bread rations
 k - 8 meat rations


   Skills:
 + Level 8.0 Fighting
   Level 4.7(5.4) Maces & Flails
 - Level 3.9(5.0) Staves
 + Level 3.6 Armour
 - Level 7.0 Dodging
 - Level 2.1 Stealth
 - Level 7.9 Shields
 - Level 6.5 Spellcasting
 - Level 10.2 Conjurations
 - Level 0.7 Transmutations
 - Level 15.0 Earth Magic
 - Level 7.0 Evocations


You had one spell level left.
You knew the following spells:

 Your Spells              Type           Power        Failure   Level  Hunger
a - Sandblast             Erth           ######       1%          1    None
b - Stoneskin             Trmt/Erth      ######..     1%          2    None
c - Passwall              Trmt/Erth      ######....   1%          3    #......
d - Stone Arrow           Conj/Erth      ######       1%          3    #......
e - Petrify               Trmt/Erth      ######..     1%          4    ###....
f - Lee's Rapid Deconstr  Erth           #######...   1%          5    #####..
g - Orb of Destruction    Conj           #####.....   30%         7    #######


Dungeon Overview and Level Annotations

Branches:
Dungeon (11/15)            Temple (1/1) D:4            Lair (5/8) D:8
  Swamp (0/4) Lair:5       Spider (0/4) Lair:5          Orc (0/4) D:11

Altars:
Ashenzari
Cheibriados
Dithmenos
Elyvilon
Fedhas
Gozag
Kikubaaqudgha
Makhleb
Okawaru
Qazlal
Ru
Trog
Vehumet
Xom
Yredelemnul
Zin

Shops:
D:6 [   D:10 }

Annotations:
D:2 Natasha
Lair:5 Maud, Nessos


Innate Abilities, Weirdness & Mutations

You are resistant to torment.
Your stone body is resilient (AC +9).
You are immune to poison.
Your large and strong wings let you fly indefinitely.
You resist negative energy.
You are resistant to electric shocks.
You can survive without breathing.
You are immune to petrification.
You are immune to rotting.


Message History

Aiming: Stone Arrow
Press: ? - help, Shift-Dir - straight line, f/p - Maud
Aim: Maud, wielding a halberd of chopping and wearing a plate armour (heavily wounded)
You feel a surge of power!
The stone arrow hits Maud.
Maud is heavily wounded.
Casting: Stone Arrow
Confirm with . or Enter, or press ? or * to list all spells.
Aiming: Stone Arrow
Press: ? - help, Shift-Dir - straight line, f/p - Maud
Aim: Maud, wielding a halberd of chopping and wearing a plate armour (heavily wounded)
You feel a surge of power!
The stone arrow misses Maud.
Maud throws a stone.
The stone barely misses you.
Maud throws a stone.
You block the stone.
You see here a stone.
Maud screams, "Give me that sword!
Immediately!"
Maud throws a stone.
The stone hits you!
* * * LOW HITPOINT WARNING * * *
You see here a stone.
Maud throws a stone.
The stone hits you!
You die...

#..............^...#...##......##
#...P....##....................P#
#P..#.........................P##
PF.P#.......................#P##
...##.......................###
......................P......#
.#...........................#
#.#.#.)..P...(...............####
#..##P.........[@...........###..
§..§§§.........((..........##.#..
..#§P§..........((....#...†......
#...##...........(...............
#..........................#P....
.................................
P........#..........@.P..........
..#.#..P.P............P..........
....##.#P..............P.........


You could see Maud.

Vanquished Creatures
  Gastronok (D:8)
  Josephine (Lair:5)
  5 hydras
  A fire crab (Lair:3)
  2 hill giants
  A necromancer (Lair:2)
  An oklob plant (Lair:4)
  The ghost of Musteatbrain the Magician, a novice DsWz of Vehumet (D:6)
  4 black mambas
  A cyclops (D:11)
  4 elephants
  6 spiny frogs
  The ghost of Eptagon the Martial Artist, a novice OpMo of Cheibriados (D:5)
  A troll (D:11)
  A kobold demonologist (D:10)
  6 komodo dragons
  22 blink frogs
  Prince Ribbit (D:5)
  3 wyverns
  A trapdoor spider (D:11)
  4 wraiths
  34 yaks
  A hungry ghost (D:10)
  3 basilisks
  14 hippogriffs
  A human (D:9)
  7 water moccasins
  18 wolves
  7 porcupines
  2 orc warriors
  4 phantoms
  A swamp drake (D:11)
  5 ice beasts
  2 sky beasts (D:6)
  A necrophage (D:9)
  2 black bears
  6 ogres
  2 centaurs
  9 crocodiles
  2 big kobolds
  14 giant frogs
  A gnoll sergeant (D:10)
  A water moccasin zombie (D:8)
  A wyvern zombie (D:6)
  8 scorpions
  3 wights (D:8)
  3 centaur zombies
  A giant frog zombie (D:5)
  A jelly (D:11)
  10 orc priests
  4 crimson imps
  2 giant frog skeletons
  4 centaur skeletons
  9 orc wizards
  7 worker ants
  4 hounds
  2 polar bear simulacra (Lair:2)
  Natasha (D:2)
  10 iguanas
  4 wolf simulacra (Lair:2)
  4 yak simulacra (Lair:2)
  A killer bee zombie (D:10)
  A worker ant zombie (D:11)
  34 river rats
  22 adders
  A shadow imp (D:8)
  12 gnolls
  An adder zombie (D:6)
  7 worms
  5 giant geckos
  66 orcs
  3 bats
  8 giant cockroaches
  10 goblins
  16 hobgoblins
  9 quokkas
  A ball python (D:2)
  A giant gecko skeleton (D:6)
  4 giant newts
  24 kobolds
  A quokka zombie (D:8)
  4 rats
  A river rat simulacrum (Lair:2)
  2 plants
517 creatures vanquished.

Vanquished Creatures (others)
  9 fungi
  A plant (Lair:4)
10 creatures vanquished.

Grand Total: 527 creatures vanquished

Notes
Turn   | Place    | Note
--------------------------------------------------------------
     0 | D:1      | Kloppie the Gargoyle Earth Elementalist began the quest for the Orb.
     0 | D:1      | Reached XP level 1. HP: 10/10 MP: 3/3
    16 | D:1      | Reached skill level 1 in Fighting
    16 | D:1      | Reached XP level 2. HP: 13/16 MP: 3/5
    43 | D:1      | Reached skill level 4 in Earth Magic
   534 | D:1      | Learned a level 2 spell: Stoneskin
   617 | D:1      | Reached XP level 3. HP: 21/21 MP: 0/6
  1448 | D:2      | Reached XP level 4. HP: 18/27 MP: 0/7
  1550 | D:2      | Noticed Natasha
  1589 | D:2      | Killed Natasha
  1589 | D:2      | Reached skill level 5 in Earth Magic
  1724 | D:2      | Reached XP level 5. HP: 27/32 MP: 2/8
  1881 | D:2      | Learned a level 3 spell: Passwall
  2425 | D:2      | Noticed Natasha
  2587 | D:3      | Found a sacrificial altar of Ru.
  3069 | D:3      | Reached skill level 1 in Maces & Flails
  3627 | D:4      | Reached XP level 6. HP: 36/38 MP: 9/9
  3724 | D:4      | Reached skill level 6 in Earth Magic
  3762 | D:4      | Found a staircase to the Ecumenical Temple.
  3775 | Temple   | Entered the Ecumenical Temple
  3802 | Temple   | Became a worshipper of Vehumet
  3931 | D:4      | Learned a level 3 spell: Stone Arrow
  4429 | D:4      | Noticed a phantom
  4435 | D:4      | Killed a phantom
  4435 | D:4      | Reached skill level 7 in Earth Magic
  4435 | D:4      | Reached XP level 7. HP: 43/43 MP: 4/10
  4639 | D:5      | Entered Level 5 of the Dungeon
  4683 | D:5      | Noticed Eptagon's ghost (novice OpMo)
  4969 | D:5      | Got a transparent ring mail
  5113 | D:4      | Identified the +0 ring mail of the Exiled Ships {rElec} (You took it off an orc on level 5 of the Dungeon)
  5120 | D:4      | Identified a scroll of acquirement
  5248 | D:5      | Found a bloodstained altar of Trog.
  5360 | D:5      | Reached skill level 8 in Earth Magic
  5388 | D:5      | Reached XP level 8. HP: 43/48 MP: 9/11
  5423 | D:5      | Noticed Prince Ribbit
  5452 | D:5      | Reached * piety under Vehumet
  5452 | D:5      | Offered knowledge of Flame Tongue by Vehumet.
  5464 | D:5      | Killed Prince Ribbit
  5563 | D:5      | Found an iron altar of Okawaru.
  5563 | D:5      | Found a snail-covered altar of Cheibriados.
  5785 | D:5      | Reached skill level 9 in Earth Magic
  5930 | D:5      | Killed Eptagon's ghost
  6160 | D:6      | Reached XP level 9. HP: 49/52 MP: 7/12
  6291 | D:6      | Found Guteg's Armour Boutique.
  6300 | D:6      | Reached skill level 5 in Fighting
  6391 | D:6      | Noticed Musteatbrain's ghost (novice DsWz)
  6587 | D:6      | Killed Musteatbrain's ghost
  6935 | D:6      | Reached ** piety under Vehumet
  6935 | D:6      | Offered knowledge of Freeze by Vehumet.
  7485 | D:7      | Reached skill level 10 in Earth Magic
  7533 | D:7      | Reached skill level 5 in Conjurations
  7672 | D:7      | Reached skill level 5 in Dodging
  8003 | D:8      | Reached XP level 10. HP: 63/63 MP: 9/13
  8035 | D:8      | Found a basalt altar of Yredelemnul.
  8043 | D:8      | Offered knowledge of Throw Frost by Vehumet.
  8282 | D:8      | Found a staircase to the Lair.
  8321 | D:8      | Reached *** piety under Vehumet
  8527 | D:8      | Learned a level 4 spell: Petrify
  8595 | D:8      | Noticed Gastronok
  8999 | D:9      | Offered knowledge of Iskenderun's Mystic Blast by Vehumet.
  9541 | D:9      | You fall through a shaft!
  9541 | D:10     | Entered Level 10 of the Dungeon
  9867 | D:10     | Found Ymafeuh's Gadget Shoppe.
  9895 | D:10     | Reached **** piety under Vehumet
  9895 | D:10     | Reached skill level 5 in Spellcasting
 10069 | D:10     | Found a flagged portal.
 10597 | D:10     | Learned a level 5 spell: Lee's Rapid Deconstruction
 10666 | D:9      | Offered knowledge of Bolt of Magma by Vehumet.
 10666 | D:9      | Reached XP level 11. HP: 56/67 MP: 19/19
 11173 | D:11     | Noticed a hill giant
 11184 | D:10     | Noticed an eight-headed hydra
 11186 | D:10     | Killed an eight-headed hydra
 11186 | D:10     | Reached skill level 10 in Conjurations
 11305 | D:10     | Killed a hill giant
 12056 | D:11     | Found a staircase to the Orcish Mines.
 12378 | D:11     | Reached skill level 1 in Staves
 12796 | D:11     | Noticed a hill giant
 12802 | D:11     | Killed a hill giant
 12802 | D:11     | Reached skill level 11 in Earth Magic
 13409 | D:8      | Killed Gastronok
 13409 | D:8      | Reached ***** piety under Vehumet
 13409 | D:8      | Offered knowledge of Sticky Flame by Vehumet.
 13409 | D:8      | Reached XP level 12. HP: 69/72 MP: 16/21
 13453 | Lair:1   | Entered Level 1 of the Lair of Beasts
 13565 | D:8      | Reached skill level 1 in Shields
 14194 | Lair:1   | Reached skill level 12 in Earth Magic
 15088 | Lair:1   | Noticed a four-headed hydra
 15094 | Lair:1   | Killed a four-headed hydra
 15573 | Lair:2   | Reached skill level 1 in Evocations
 16330 | Lair:2   | Reached skill level 5 in Shields
 16793 | Lair:2   | Reached skill level 13 in Earth Magic
 17269 | Lair:3   | Reached XP level 13. HP: 70/76 MP: 19/22
 17856 | Lair:3   | Offered knowledge of Orb of Destruction by Vehumet.
 18132 | Lair:3   | Learned a level 7 spell: Orb of Destruction
 18630 | Lair:4   | Reached skill level 5 in Evocations
 19621 | Lair:4   | Reached skill level 14 in Earth Magic
 20831 | Lair:5   | Found a hole to the Spider Nest.
 21435 | Lair:5   | Found a staircase to the Swamp.
 22141 | Lair:5   | Noticed Josephine
 22256 | Lair:5   | Noticed Nessos
 23208 | Lair:4   | Reached skill level 15 in Earth Magic
 23340 | Lair:4   | Reached skill level 1 in Armour
 23448 | Lair:5   | Killed Josephine
 23558 | Lair:5   | Offered knowledge of Fireball by Vehumet.
 23558 | Lair:5   | Gained mutation: Your large and strong wings let you fly indefinitely. [Gargoyle growth]
 23558 | Lair:5   | Reached XP level 14. HP: 78/82 MP: 23/23
 23887 | Lair:5   | Noticed Maud
 23998 | Lair:5   | Hit by a stone thrown by Maud

Action                   |  1- 3 |  4- 6 |  7- 9 | 10-12 | 13-15 || total
-------------------------+-------+-------+-------+-------+-------++-------
Melee: Unarmed           |    15 |     3 |       |       |       ||    18
       Whip              |       |   132 |       |       |       ||   132
       Flail             |       |    72 |   263 |   303 |       ||   638
       Staff             |       |       |       |   450 |   475 ||   925
Throw: Stone             |       |       |       |       |     1 ||     1
 Cast: Sandblast         |    61 |    50 |    77 |   215 |    76 ||   479
       Stoneskin         |       |       |       |    12 |    13 ||    25
       Passwall          |       |       |       |     2 |       ||     2
       Stone Arrow       |       |       |       |    81 |    76 ||   157
       Lee's Rapid Decon |       |       |       |     1 |     2 ||     3
       Petrify           |       |       |       |       |     1 ||     1
  Use: Scroll            |       |       |    15 |    10 |     1 ||    26
       Potion            |       |       |     1 |       |     2 ||     3
 Stab: Sleeping          |       |     2 |       |     4 |     2 ||     8
  Eat: Chunk             |     3 |    10 |    11 |    31 |    23 ||    78
       Fruit             |       |       |     1 |     3 |       ||     4
       Pizza             |       |       |     1 |     1 |       ||     2
